AoeStats
← kyx19842002

MegaRandom

505876007Analyzed
1v1 RM · 19d ago on Sep 11, 2026· 57m 50s· 2 players
Game mode
Random Map
Map size
Tiny (2 player)
Population
200
Speed
Normal
Resources
Standard
Victory
Conquest
Starting age
Dark Age
Ending age
Imperial Age
RankedLock teamsTeams togetherTeam positionsShared explorationLock speedFull tech treeHidden civsTurbo modeCheats
Victory
Defeat
🇨🇳 Romans · China
431
+12
🇺🇸 Sicilians · United States
337
-12
Charlemagne
10:00 Loom
10:35 Loom
13:32 Feudal Age
24:15 Castle Age
34:12 Wheelbarrow
33:42 Horse Collar
33:50 Double-Bit Axe
33:59 Gold Mining
34:03 Stone Mining
36:45 Town Watch
44:09 Imperial Age
41:50 Husbandry
42:01 Bloodlines
41:13 Pikeman
41:50 Crossbowman
41:51 Elite Skirmisher
43:40 Ballistics
43:16 Murder Holes
43:31 Masonry
43:28 Gambesons
43:44 Squires
43:30 Arson
45:18 Conscription
45:19 Heavy Plow
45:32 Bow Saw
47:02 Fishing Lines
48:03 Hand Cart
47:13 Cavalier
47:17 Halberdier
49:36 Chemistry
49:48 Crop Rotation
49:57 Gold Shaft Mining
49:58 Stone Shaft Mining
53:14 Forging
53:05 Scale Mail Armor
53:11 Scale Barding Armor
52:57 Fletching
53:08 Padded Archer Armor
52:40 Arbalester
55:03 Hoardings
55:24 Siege Engineers
kyx19842002
12:34 Feudal Age
14:50 Double-Bit Axe
14:58 Horse Collar
17:38 Castle Age
19:13 Heavy Plow
21:25 Bloodlines
21:37 Loom
23:01 Scale Barding Armor
23:42 Forging
25:26 Husbandry
25:54 Chain Barding Armor
25:35 Gold Mining
26:15 Bow Saw
26:05 Stone Mining
27:48 Iron Casting
29:31 Wheelbarrow
29:48 Town Watch
31:02 Scale Mail Armor
30:53 Fletching
32:37 Hand Cart
34:08 Chain Mail Armor
34:34 Town Patrol
34:45 Fletching
34:56 Padded Archer Armor
35:02 Padded Archer Armor
35:53 Fervor
35:42 Herbal Medicine
37:09 Devotion
39:49 Imperial Age
39:04 Bodkin Arrow
39:24 Leather Archer Armor
40:57 Conscription
40:45 Man-at-Arms
41:25 Squires
40:45 Pikeman
42:04 Plate Barding Armor
42:31 Blast Furnace
42:35 Ring Archer Armor
42:02 Long Swordsman
43:29 Ballistics
44:08 Guilds
44:52 Crop Rotation
45:33 Chemistry
44:45 Masonry
44:41 Capped Ram
45:36 Legionary
47:35 Architecture
47:56 Elite Centurion
48:08 Halberdier
50:04 Siege Engineers
50:17 Siege Ram
51:28 Comitatenses
51:20 Light Cavalry
53:14 Ballistas
54:35 Gold Shaft Mining
53:50 Heavy Scorpion
54:23 Sappers
55:31 Murder Holes
55:48 Fortified Wall
56:03 Block Printing
55:10 Cavalier
Connection lost

Rejoining the realm…

Still unreachable

The connection could not be restored.

Session expired

The server has moved on; the page needs a fresh start.